 Dungeon Crawl Stone Soup version 0.31-a0-881-ge136f0c47a (webtiles) character file.

Game seed: 15916200278601920163

2594 Spaninq the Carver (level 9, -2/84 HPs)
             Began as a Tengu Berserker on Oct 15, 2023.
             Was a Priest of Trog.
             Killed from afar by Dowan (13 damage)
             ... with a shard of ice
             ... on level 7 of the Dungeon.
             The game lasted 00:16:02 (6068 turns).

Spaninq the Carver (Tengu Berserker)                Turns: 6068, Time: 00:16:03

Health: -2/84      AC: 13    Str: 18    XL:     9   Next: 58%
Magic:  10/10      EV: 13    Int:  8    God:    Trog [***...]
Gold:   420        SH:  6    Dex: 17    Spells: 8/8 levels left

rFire   . . .        a - +0 falchion
rCold   . . .        o - +0 buckler
rNeg    . . .        u - +0 chain mail
rPois   +            (helmet restricted)
rElec   .            d - +1 cloak
rCorr   .            s - +0 pair of gloves
SInv    .            (boots unavailable)
Will    .....        (no amulet) Stlth
                     b - ring of poison resistance
HPRegen 0.34/turn    (no ring)
MPRegen 0.12/turn

%: acrobat
@: berserking, flying, very quick
A: beak, talons 3, evasive flight, acrobatic
a: Renounce Religion, Berserk, Trog's Hand


You were on level 7 of the Dungeon.
You worshipped Trog.
Trog was most pleased with you.
You visited 1 branch of the dungeon, and saw 7 of its levels.
You also visited: Sewer.

You collected 420 gold pieces.

Inventory:

Hand Weapons
 a - a +0 falchion (weapon)
 w - a +0 sling
Armour
 d - a +1 cloak (worn)
 o - a +0 buckler (worn)
 s - a +0 pair of gloves (worn)
 u - a +0 chain mail (worn)
Jewellery
 b - a ring of poison resistance (left hand)
Wands
 g - a wand of roots (11)
Scrolls
 h - 4 scrolls of revelation
 k - a scroll of fog
 p - 2 scrolls of teleportation {unknown}
Potions
 c - 5 potions of enlightenment
 e - 6 potions of curing
 f - 2 potions of ambrosia
 i - a potion of lignification {unknown}
 j - 2 potions of mutation
 l - 3 potions of heal wounds
 m - a potion of magic {unknown}
 n - a potion of attraction {unknown}


   Skills:
 + Level 6.6 Fighting
 * Level 9.8 Long Blades
 + Level 4.7 Armour
 + Level 4.7 Dodging
 - Level 5.0 Shields


You had 8 spell levels left.
You didn't know any spells.
Your spell library was empty.

Dungeon Overview and Level Annotations

Branches:
Dungeon (7/15)             Temple (0/1) D:4           Sewer (visited)

Altars:
Ashenzari
Makhleb
Ru

Shops:
D:1 *   D:4 (

Annotations:
D:5 2 transporters, Spaninq's ghost, novice TrSh
D:7 Dowan


Innate Abilities, Weirdness & Mutations

You have a beak for a mouth.
You have claws for feet.
Your magical flight helps you evade attacks. (EV +4)
You can magically evade attacks while moving or waiting.


Message History

You hit Duvessa but do no damage. Your kick misses Duvessa.
Duvessa is moderately wounded.
Duvessa barely misses you.
Dowan points at you and mumbles some strange words.
You easily resist.
You hit Duvessa. Your kick misses Duvessa.
Duvessa is moderately wounded.
Duvessa misses you.
Dowan says, "There's a certain beauty in death, don't you think?"
Dowan hits you but does no damage.
Duvessa hits you with a +2 short sword of speed!
A red film seems to cover your vision as you go berserk!
You feel yourself moving faster!
You feel mighty!
Duvessa hits you with a +2 short sword of speed.
Dowan barely misses you.
You hit Duvessa. You claw Duvessa! You peck Duvessa.
Duvessa is severely wounded.
You block Duvessa's attack.
You slash Duvessa! Your kick misses Duvessa. You peck Duvessa.
Duvessa is almost dead.
Dowan barely misses you.
You hit Duvessa.
Duvessa is almost dead.
Duvessa hits you with a +2 short sword of speed!
* * * LOW HITPOINT WARNING * * *
You hit Duvessa.
You kill Duvessa!
Trog accepts your kill.
Dowan screams, "No!
No!"
Dowan seems to find hidden reserves of power!
Dowan hits you with a +5 dagger of venom!
* * * LOW HITPOINT WARNING * * *
You barely miss Dowan. Your kick misses Dowan.
Dowan hits you with a +5 dagger of venom.
* * * LOW HITPOINT WARNING * * *
You slash Dowan! You claw Dowan! Your peck misses Dowan.
Dowan is almost dead.
Dowan points at you and mumbles some strange words.
The shard of ice hits you!
You die...

##############
#............# ####
#............# #...
#.....@."....## #.##
#....)e.......######.#
#....................##
#....)............>..รท.
#
.......?..#.#####....###
#####.# ##.##########
#..#.# ......# #.#
#####)..### ...#### #.#
#.......... ###.## #.#
#.##.......


You could see Dowan (fast).

Vanquished Creatures
  A two-headed ogre (D:7)
  Maggie (D:7)
  Sigmund (D:3)
  Duvessa (D:7)
  3 sky beasts (D:7)
  A centaur (D:5)
  A phantom (D:6)
  A kobold brigand (Sewer)
  3 scorpions
  2 bullfrogs
  A gnoll sergeant (D:7)
  4 jellies (D:5)
  4 hounds
  A sleepcap (D:4)
  2 iguanas
  An orc wizard (D:6)
  8 gnolls
  8 adders
  A river rat (Sewer)
  A shadow imp (D:6)
  A worm (D:6)
  2 dart slugs
  8 orcs
  7 ball pythons
  4 endoplasms
  3 giant cockroaches
  15 goblins
  5 hobgoblins
  A jackal (Sewer)
  9 kobolds
  3 quokkas
  A bat (D:2)
  5 frilled lizards
  9 rats
119 creatures vanquished.

Notes
Turn   | Place    | Note
-------+----------+-------------------------------------------
     0 | D:1      | Spaninq the Tengu Berserker began the quest for the Orb.
     0 | D:1      | Reached XP level 1. HP: 14/14 MP: 2/2
    80 | D:1      | Found Miloc's General Store.
   112 | D:1      | Reached XP level 2. HP: 15/19 MP: 3/3
   758 | D:2      | Reached XP level 3. HP: 23/23 MP: 4/4
   951 | D:2      | Reached ** piety under Trog
   959 | D:2      | Reached skill level 4 in Long Blades
  1065 | D:2      | Reached XP level 4. HP: 25/28 MP: 5/5
  1192 | D:1      | Reached skill level 1 in Shields
  1818 | D:3      | Noticed Sigmund
  1852 | D:3      | Killed Sigmund
  1853 | D:3      | Reached skill level 5 in Long Blades
  1853 | D:3      | Reached XP level 5. HP: 12/33 MP: 6/6
  1853 | D:3      | Reached XP level 6. HP: 14/38 MP: 7/7
  2277 | D:3      | Found a burning altar of Makhleb.
  2278 | D:3      | Found a sacrificial altar of Ru.
  2600 | D:4      | Found a staircase to the Ecumenical Temple.
  3106 | D:4      | Found Koibbuice's Antique Weapon Shoppe.
  3223 | D:5      | Entered Level 5 of the Dungeon
  3342 | D:5      | Gained mutation: Your magical flight helps you evade
                  | attacks. (EV +4) [Tengu growth]
  3342 | D:5      | Reached XP level 7. HP: 36/43 MP: 8/8
  3344 | D:5      | Found a transporter.
  3347 | D:5      | Noticed Spaninq's ghost (novice TrSh)
  3378 | D:5      | Reached skill level 6 in Long Blades
  3379 | D:5      | Found a transporter.
  3555 | D:5      | Found a broken altar of Ashenzari.
  4191 | D:6      | Found a glowing drain.
  4199 | Sewer    | Entered a sewer
  4310 | Sewer    | Reached XP level 8. HP: 45/48 MP: 9/9
  4311 | Sewer    | Reached *** piety under Trog
  4312 | Sewer    | Reached skill level 7 in Long Blades
  4337 | Sewer    | Found a white marble altar of Elyvilon.
  4376 | D:6      | Reached skill level 5 in Shields
  4390 | D:6      | Reached skill level 5 in Fighting
  4487 | D:6      | Identified the +1 spear of the Unspeakable One {heavy,
                  | Int+5 Stlth+}
  5216 | D:7      | Reached skill level 8 in Long Blades
  5297 | D:7      | Identified the +4 halberd "Maminah" {freeze, SInv}
  5316 | D:7      | Noticed Maggie
  5339 | D:7      | Killed Maggie
  5682 | D:7      | Noticed a two-headed ogre
  5692 | D:7      | Killed a two-headed ogre
  5693 | D:7      | Reached skill level 9 in Long Blades
  5693 | D:7      | Reached XP level 9. HP: 56/56 MP: 10/10
  6052 | D:7      | Noticed Dowan
  6052 | D:7      | Noticed Duvessa
  6066 | D:7      | Killed Duvessa
  6068 | D:7      | Killed from afar by Dowan

Illustrated notes

Levels and vault maps discovered:
D:1:      minmay_arrival_split_and_join, layout_basic, serial_shops,
          nicolae_shop_peninsula, fountainhead, st_stairs_3, dk_noncrumbling_4
D:2:      layout_basic, grunt_ministairs_4, serial_bayou_pond_b,
          minmay_octomino_e4
D:3:      layout_basic, gammafunk_temple_overflow_pools, uniq_sigmund
D:4:      layout_basic, minmay_temple_entry_statues_fountains, serial_shops,
          nicolae_shop_hallway_plus
D:5:      layout_cave_pools, nicolae_ashenzari_panopticon,
          gammafunk_ghost_stat_death, minmay_misc_feat_nine_boxes,
          minmay_misc_feat_four_crosses
D:6:      layout_basic, cheibrodos_sewer_entry_bend
D:7:      layout_loops_ring, uniq_duvessa, uniq_maggie

Skill      XL: |  1  2  3  4  5  6  7  8 |
---------------+-------------------------+-----
Long Blades    | 4 5 6 9 |  9.8
Shields        | 2 3 4 5 |  5.0
Fighting       | 4 6 |  6.6
Armour         | 4 |  4.7
Dodging        | 4 |  4.7

Action                     |  1- 3 |  4- 6 |  7- 9 || total
---------------------------+-------+-------+-------++-------
  Melee: Falchion          |    78 |    91 |   235 ||   404
         Kick              |    19 |    25 |    74 ||   118
         Peck              |    10 |    17 |    53 ||    80
   Fire: Sling             |     6 |       |     1 ||     7
 Invoke: Berserk           |       |     1 |     2 ||     3
    Use: Scroll            |       |       |    14 ||    14
   Stab: Sleeping          |     1 |       |       ||     1
 Armour: Animal skin       |    23 |       |       ||    23
         Scale mail        |     3 |    42 |       ||    45
         Chain mail        |       |    25 |    87 ||   112
  Dodge: Dodged            |    52 |    60 |    89 ||   201
  Block: Buckler           |       |     8 |    32 ||    40

Table legend: (Time is in decaauts)
 A = Elapsed time spent in this place.
 B = Non-inter-level travel time spent in this place.
 C = Inter-level travel time spent in this place.
 D = Time resting spent in this place.
 E = Time spent auto-exploring this place.
 F = Levels seen in this place.
 G = Mean time per level.
                   A        B        C        D        E       F      G
               +--------+--------+--------+--------+--------+-----+--------+
         Total |   6088 |   5735 |    353 |    156 |   4261 |   8 |  761.0 |
       Dungeon |   5916 |   5563 |    353 |    156 |   4194 |   7 |  845.1 |
         Sewer |    172 |    172 |      0 |      0 |     67 |   1 |  172.0 |
               +--------+--------+--------+--------+--------+-----+--------+

Top non-repeatable levels by time:
     D:2: 1077 daAuts
     D:6: 946 daAuts
     D:3: 910 daAuts
     D:7: 882 daAuts
     D:5: 790 daAuts
     D:1: 725 daAuts
     D:4: 582 daAuts
   Sewer: 172 daAuts
